 Dungeon Crawl Stone Soup version 0.30.1-4-g462c640d31 (webtiles) character file.

Game seed: 12553343443890000212

58 Gorgoleon the Magician (level 3, 0/19 HPs)
             Began as a Deep Elf Hedge Wizard on Aug 18, 2023.
             Succumbed to an adder's poison
             ... on level 2 of the Dungeon.
             The game lasted 00:07:23 (2148 turns).

Gorgoleon the Magician (Deep Elf Hedge Wizard)      Turns: 2148, Time: 00:07:23

Health: 0/19       AC:  2    Str:  7    XL:     3   Next: 75%
Magic:  2/10       EV: 12    Int: 20    God:
Gold:   149        SH:  0    Dex: 14    Spells: 2/10 levels left

rFire   . . .        e - +2 dagger (freeze)
rCold   + . .        (no shield)
rNeg    . . .        b - +0 robe
rPois   .            c - +0 hat
rElec   .            (no cloak)
rCorr   .            (no gloves)
SInv    .            (no boots)
Will    .....        (no amulet)
Stlth   ++           h - ring of protection from cold
HPRegen 0.23/turn    (no ring)
MPRegen 0.12/turn

%: no passive effects
@: lethally poisoned (0 -> -4), on berserk cooldown, hasted and slowed
A: no striking features
a: no special abilities


You were on level 2 of the Dungeon.
You visited 1 branch of the dungeon, and saw 2 of its levels.

You collected 149 gold pieces.

Inventory:

Hand Weapons
 e - a +2 dagger of freezing (weapon)
Armour
 b - a +0 robe (worn)
 c - a +0 hat (worn)
Jewellery
 h - a ring of protection from cold (left hand)
Scrolls
 a - 4 scrolls of identify {unknown}
 f - a scroll of fog {unknown}
 i - a scroll of silence {unknown}
 l - a scroll of teleportation {unknown}
Potions
 d - 2 potions of magic
 k - a potion of resistance {unknown}


   Skills:
 - Level 2.4 Dodging
 - Level 2.4 Stealth
 - Level 4.4 Spellcasting
 * Level 3.2 Conjurations
 * Level 0.7 Hexes
 * Level 1.4 Summonings
 * Level 0.9 Necromancy
 * Level 1.3 Translocations
 * Level 0.4 Air Magic
 * Level 0.5 Poison Magic


You had 2 spell levels left.
You knew the following spells:

 Your Spells              Type           Power      Damage    Failure   Level
a - Magic Dart            Conj           68%        1d6       3%          1
b - Slow                  Hex            28%        N/A       9%          1
c - Call Imp              Summ           20%        N/A       11%         2
d - Blink                 Tloc           18%        N/A       11%         2
e - Cigotuvi's Dreadful   Necr/Pois/Air  12%        N/A       14%         2

Your spell library contained the following spells:

 Spells                   Type           Power      Damage    Failure   Level
 Mephitic Cloud           Conj/Pois/Air  10%        N/A       21%         3
 Ozocubu's Armour         Ice            4%         N/A       36%         3
 Metabolic Englaciation   Hex/Ice        2%         N/A       96%         5
 Simulacrum               Ice/Necr       3%         N/A       100%        6


Dungeon Overview and Level Annotations

Branches:
Dungeon (2/15)

Altars:

Shops:
D:1 *


Message History

The adder bites you.
You are lethally poisoned!
The adder poisons you!
Your cerulean imp closely misses the adder.
Casting: Slow (safe; 10% risk of failure)
Confirm with . or Enter, or press ? or * to list all spells.
Aiming: Slow (safe; 10% risk of failure)
Press: ? - help, Shift-Dir - straight line, f/p - adder
Aim: an adder (moderately wounded, ally target, chance to affect: 50%)
The adder seems to slow down.
You feel very sick.
Your cerulean imp hits the adder with a -4 spear.
The adder bites you.
It was a potion of berserk rage.
A red film seems to cover your vision as you go berserk!
You feel yourself moving faster!
You feel mighty!
* * * LOW HITPOINT WARNING * * *
You feel sick.
Your cerulean imp hits the adder with a -4 spear.
The adder completely misses you.
You are too berserk!
You hit the adder. You freeze the adder.
You kill the adder!
* * * LOW HITPOINT WARNING * * *
You feel sick.
* * * LOW HITPOINT WARNING * * *
You feel sick.
You see here an adder corpse.
You are too berserk!
There is a lethal amount of poison in your body!
You feel a strong urge to attack something.
* * * LOW HITPOINT WARNING * * *
You feel sick.
You feel your anger nearly subside.
You are no longer berserk.
You are exhausted.
You feel yourself slow down.
* * * LOW HITPOINT WARNING * * *
You feel sick.
It was a potion of haste.
You feel yourself speed up.
You die...

##### ##### #...# #...# #...#
#...# #...# #...# #...# #...#
##...## #...##### #.@.# #......
#.......# ##5..# #....##
####.......###....#########..<...
...............................>#
...........###...#####.####......
.†>#.##......#...# # ##....^#
...#..#......#...# #.# #.....##
.............##### #.###.......
#†.........# ###......#.###


You could see a friendly cerulean imp (summoned).

Vanquished Creatures
  2 adders (D:2)
  A worm (D:2)
  2 dart slugs (D:1)
  2 endoplasms (D:1)
  5 giant cockroaches
  2 goblins (D:2)
  A hobgoblin (D:1)
  2 jackals (D:1)
  2 kobolds
  A quokka (D:1)
  3 ball pythons
  3 bats
  2 frilled lizards
  4 rats (D:1)
32 creatures vanquished.

Notes
Turn   | Place    | Note
-------+----------+-------------------------------------------
     0 | D:1      | Gorgoleon the Deep Elf Hedge Wizard began the quest for the
                  | Orb.
     0 | D:1      | Reached XP level 1. HP: 10/10 MP: 7/7
     2 | D:1      | Learned a level 1 spell: Slow
    89 | D:1      | Found Tairrase's Assorted Antiques.
   318 | D:1      | Reached XP level 2. HP: 15/15 MP: 7/9
   627 | D:1      | Learned a level 2 spell: Call Imp
   630 | D:1      | Learned a level 2 spell: Blink
   633 | D:1      | Learned a level 2 spell: Cigotuvi's Dreadful Rot
   922 | D:1      | Found a faded altar of an unknown god.
  1520 | D:2      | Reached XP level 3. HP: 19/19 MP: 3/10
  2148 | D:2      | Succumbed to an adder's poison

Illustrated notes

Levels and vault maps discovered:
D:1:      spicycebolla_arrival_xxxplode, layout_basic, serial_shops,
          nicolae_shop_waterfront, serial_forest, infiniplex_forest_split,
          infiniplex_forest_clump_double, infiniplex_forest_straight_2,
          infiniplex_forest_lined_corner, infiniplex_forest_straight_2,
          ebering_ecumenical_altar_abandoned, minmay_fountain_box
D:2:      layout_basic

Skill      XL: |  1  2 |
---------------+-------+-----
Conjurations   | 2 3 |  3.2
Dodging        | |  2.4
Stealth        | |  2.4
Spellcasting   | |  4.4
Hexes          | |  0.7
Summonings     | |  1.4
Necromancy     | |  0.9
Translocations | |  1.3
Air Magic      | |  0.4
Poison Magic   | |  0.5

Action                     || total
---------------------------++-------
  Melee: Dagger            ||    20
         Punch             ||     1
   Cast: Magic Dart        ||    81
         Call Imp          ||     2
         Slow              ||     5
    Use: Potion            ||     2
 Armour: Robe              ||     2
  Dodge: Dodged            ||    28
